NCAA
WEST VIRGINIA MOUNTAINEERS @ OREGON STATE BEAVERS
04/09/2023
 
TOP OF THE 1ST
West Virginia Mountaineers batting - Pitching for Oregon State Beavers : RHP Paul McFadden
Pitching: RHP Paul McFadden
Batting: LHB John Stone 0-0: Ball
1-0: Ball
2-0: Ball
3-0: Called Strike
3-1: Bunted foul
3-2: Foul Ball, location: 2F
3-2: Foul Ball, location: 2F
3-2: DOUBLE (Line Drive, 78M)
Batting: LHB Dave Gordon 0-0: Ball
1-0: Foul Ball, location: 2F
1-1: Ball
John Stone steals 3rd base
2-1: Fly out, F9 (Line Drive, 9M)
Runner from 3rd tags up, SCORES, no throw
Batting: RHB Von Ford 0-0: Ball
1-0: Called Strike
1-1: Ball
2-1: SOLO HOME RUN (Line Drive, 7LD), Distance : 329 ft
Batting: LHB Buddy Rice 0-0: Ball
1-0: Ground out U3 (Groundball, 3S)
Batting: LHB Charlie Hughes 0-0: Ball
1-0: Called Strike
1-1: Ball
2-1: SINGLE (Line Drive, 7S)
Batting: RHB Bobby Armstrong 0-0: Called Strike
0-1: Ball
1-1: SINGLE (Groundball, 5L)
Charlie Hughes to second
Batting: RHB Ramón Aranda 0-0: Swinging Strike
0-1: Ball
1-1: Foul Ball, location: 2F
1-2: SINGLE (Line Drive, 89S)
Charlie Hughes to third
Bobby Armstrong to second
Runner from 3rd tries for Home, SAFE, no throw or cutoff
Batting: RHB Cal Dorsey 0-0: Ball
1-0: Foul Ball, location: 2F
1-1: Ball
2-1: Foul Ball, location: 2F
2-2: Ball
3-2: 3-RUN HOME RUN (Line Drive, 7D), Distance : 358 ft
Pitching: LHP Jerry Wolfe
Batting: RHB Scott Mooney 0-0: Called Strike
0-1: Ball
1-1: Called Strike
1-2: Ball
2-2: Foul Ball, location: 2F
2-2: Foul Ball, location: 2F
2-2: Ball
3-2: Base on Balls
Batting: LHB John Stone 0-0: Ball
Throwing error on steal attempt, E2
Scott Mooney to third
1-0: Foul Ball, location: 2F
1-1: DOUBLE (Line Drive, 8RS)
Scott Mooney scores
Batting: LHB Dave Gordon 0-0: Called Strike
0-1: Fly out, F8 (Flyball, 8LM)
Top of the 1st over - 7 run(s), 7 hit(s), 1 error(s), 1 left on base; West Virginia 7 - Oregon State 0
BOTTOM OF THE 1ST
Oregon State Beavers batting - Pitching for West Virginia Mountaineers : LHP Justin Jacobson
Pitching: LHP Justin Jacobson
Batting: RHB Ben Barker 0-0: Called Strike
0-1: Called Strike
0-2: Foul Ball, location: 2F
0-2: Fly out, F3 (Popup, 3F)
Batting: LHB Horace Hess 0-0: Ball
1-0: Called Strike
1-1: Ground out U3 (Groundball, 3)
Batting: RHB Marty Hendrickson 0-0: Ball
1-0: Called Strike
1-1: Ball
2-1: Ball
3-1: Called Strike
3-2: Strikes out looking
Bottom of the 1st over - 0 run(s), 0 hit(s), 0 error(s), 0 left on base; West Virginia 7 - Oregon State 0
TOP OF THE 2ND
West Virginia Mountaineers batting - Pitching for Oregon State Beavers : LHP Jerry Wolfe
Batting: RHB Von Ford 0-0: Hit by Pitch
Batting: LHB Buddy Rice 0-0: DOUBLE (Flyball, 78XD)
Von Ford to third
Batting: LHB Charlie Hughes 0-0: Ball
Wild Pitch!
Von Ford scores
Buddy Rice to third
1-0: Ball
2-0: Ball
3-0: Base on Balls
Batting: RHB Bobby Armstrong 0-0: Ball
1-0: Called Strike
1-1: Foul Ball, location: 2F
1-2: Ball
2-2: Ball
3-2: Foul Ball, location: 2F
3-2: Fly out, F8 (Popup, 6MD)
Batting: RHB Ramón Aranda 0-0: Ball
1-0: Ball
2-0: Ball
3-0: Called Strike
3-1: Fly out, F7 (Flyball, 7M)
Batting: RHB Cal Dorsey 0-0: Foul Ball, location: 2F
0-1: Ball
1-1: Foul Ball, location: 2F
1-2: Ball
2-2: Ball
3-2: Base on Balls
Charlie Hughes to second
Batting: RHB Scott Mooney 0-0: GRAND SLAM HOME RUN (Flyball, 7D), Distance : 369 ft
Pitching: RHP Jim Dunn
Batting: LHB John Stone 0-0: Called Strike
0-1: Ball
1-1: Ball
2-1: Ball
3-1: Foul Ball, location: 2F
3-2: Foul Ball, location: 2F
3-2: Foul Ball, location: 2F
3-2: Strikes out swinging
Top of the 2nd over - 5 run(s), 2 hit(s), 0 error(s), 0 left on base; West Virginia 12 - Oregon State 0
BOTTOM OF THE 2ND
Oregon State Beavers batting - Pitching for West Virginia Mountaineers : LHP Justin Jacobson
Batting: LHB Charlie Dennis 0-0: Ball
1-0: Fly out, F7 (Flyball, 7M)
Batting: RHB Tom Hughes 0-0: Foul Ball, location: 2F
0-1: Fly out, F7 (Flyball, 7S)
Batting: RHB Jorge Costa 0-0: Fly out, F9 (Flyball, 9LD)
Bottom of the 2nd over - 0 run(s), 0 hit(s), 0 error(s), 0 left on base; West Virginia 12 - Oregon State 0
TOP OF THE 3RD
West Virginia Mountaineers batting - Pitching for Oregon State Beavers : RHP Jim Dunn
Batting: LHB Dave Gordon 0-0: Called Strike
0-1: Ball
1-1: Fly out, F5 (Flyball, 7LMF)
Batting: RHB Von Ford 0-0: Called Strike
0-1: Swinging Strike
0-2: Foul Ball, location: 2F
0-2: DOUBLE (Groundball, 5L)
Batting: LHB Buddy Rice 0-0: Called Strike
Von Ford is caught stealing 3rd base
0-1: Swinging Strike
0-2: SOLO HOME RUN (Flyball, 7LD), Distance : 312 ft
Batting: LHB Charlie Hughes 0-0: Foul Ball, location: 2F
0-1: Called Strike
0-2: Strikes out swinging
Top of the 3rd over - 1 run(s), 2 hit(s), 0 error(s), 0 left on base; West Virginia 13 - Oregon State 0
BOTTOM OF THE 3RD
Oregon State Beavers batting - Pitching for West Virginia Mountaineers : LHP Justin Jacobson
Batting: RHB Abraham Hardy 0-0: Ball
1-0: Fly out, F6 (Popup, 5D)
Batting: SHB Gerald Young 0-0: Called Strike
0-1: SINGLE (Groundball, 56D)
Batting: LHB Ken Ramsey 0-0: Ball
1-0: Called Strike
1-1: Fly out, F7 (Flyball, 7LM)
Batting: RHB Ben Barker 0-0: Ball
Gerald Young is caught stealing 2nd base
Bottom of the 3rd over - 0 run(s), 1 hit(s), 0 error(s), 0 left on base; West Virginia 13 - Oregon State 0
TOP OF THE 4TH
West Virginia Mountaineers batting - Pitching for Oregon State Beavers : RHP Jim Dunn
Batting: RHB Bobby Armstrong 0-0: Called Strike
0-1: Ball
1-1: Ball
2-1: Swinging Strike
2-2: Ball
3-2: Strikes out swinging
Batting: RHB Ramón Aranda 0-0: Called Strike
0-1: Fly out, F6 (Popup, 56D)
Batting: RHB Cal Dorsey 0-0: Foul Ball, location: 2F
0-1: Swinging Strike
0-2: Ball
1-2: Strikes out swinging
Top of the 4th over - 0 run(s), 0 hit(s), 0 error(s), 0 left on base; West Virginia 13 - Oregon State 0
BOTTOM OF THE 4TH
Oregon State Beavers batting - Pitching for West Virginia Mountaineers : LHP Justin Jacobson
Batting: RHB Ben Barker 0-0: Ball
1-0: Ball
2-0: Called Strike
2-1: Ball
3-1: Base on Balls
Batting: LHB Horace Hess 0-0: Ball
Ben Barker is caught stealing 2nd base
1-0: Swinging Strike
1-1: Ball
2-1: Ball
3-1: Called Strike
3-2: Foul Ball, location: 2F
3-2: Ground out U3 (Groundball, 3S)
Batting: RHB Marty Hendrickson 0-0: Ball
1-0: Ball
2-0: Foul Ball, location: 2F
2-1: Ball
3-1: SINGLE (Line Drive, 89S)
Batting: LHB Charlie Dennis 0-0: Called Strike
0-1: Ball
1-1: Ball
2-1: Ball
3-1: Called Strike
3-2: Strikes out looking
Bottom of the 4th over - 0 run(s), 1 hit(s), 0 error(s), 1 left on base; West Virginia 13 - Oregon State 0
TOP OF THE 5TH
West Virginia Mountaineers batting - Pitching for Oregon State Beavers : RHP Jim Dunn
Batting: RHB Scott Mooney 0-0: Ball
1-0: Foul Ball, location: 2F
1-1: Foul Ball, location: 2F
1-2: Ball
2-2: Strikes out swinging
Batting: LHB John Stone 0-0: Ground out 4-3 (Groundball, 4)
Batting: LHB Dave Gordon 0-0: Swinging Strike
0-1: Ball
1-1: Foul Ball, location: 2F
1-2: Strikes out swinging
Top of the 5th over - 0 run(s), 0 hit(s), 0 error(s), 0 left on base; West Virginia 13 - Oregon State 0
BOTTOM OF THE 5TH
Oregon State Beavers batting - Pitching for West Virginia Mountaineers : LHP Justin Jacobson
Batting: RHB Tom Hughes 0-0: Ball
1-0: Ball
2-0: Ball
3-0: Called Strike
3-1: Swinging Strike
3-2: SINGLE (Line Drive, 6M)
Batting: RHB Jorge Costa 0-0: Ball
1-0: Ball
2-0: Called Strike
2-1: Fly out, F9 (Flyball, 9S)
Batting: RHB Abraham Hardy 0-0: Ball
1-0: Ball
2-0: Foul Ball, location: 2F
2-1: Ball
3-1: Base on Balls
Tom Hughes to second
Batting: SHB Gerald Young 0-0: Called Strike
0-1: Grounds into double play, 4-6-3 (Groundball, 4)
Bottom of the 5th over - 0 run(s), 1 hit(s), 0 error(s), 1 left on base; West Virginia 13 - Oregon State 0
TOP OF THE 6TH
West Virginia Mountaineers batting - Pitching for Oregon State Beavers : RHP Jim Dunn
Batting: RHB Von Ford 0-0: Called Strike
0-1: Called Strike
0-2: Ball
1-2: Ground out 1-3 (Groundball, 13)
Batting: LHB Buddy Rice 0-0: Ball
1-0: Called Strike
1-1: Called Strike
1-2: SINGLE (Groundball, 25) (infield hit)
Pitching: LHP Johnathan Whittier
Batting: LHB Charlie Hughes 0-0: Called Strike
0-1: Ball
1-1: Ball
2-1: Foul Ball, location: 2F
2-2: Strikes out swinging
Batting: RHB Bobby Armstrong 0-0: Ball
1-0: Called Strike
1-1: Ball
2-1: Ball
3-1: Base on Balls
Buddy Rice to second
Batting: RHB Ramón Aranda 0-0: Ball
1-0: Reached on error, E5 (Groundball, 56S)
Buddy Rice scores
Bobby Armstrong to third
Batting: RHB Cal Dorsey 0-0: Ball
1-0: Foul Ball, location: 2F
1-1: Foul Ball, location: 2F
1-2: Foul Ball, location: 2F
1-2: Strikes out looking
Top of the 6th over - 1 run(s), 1 hit(s), 1 error(s), 2 left on base; West Virginia 14 - Oregon State 0
BOTTOM OF THE 6TH
Oregon State Beavers batting - Pitching for West Virginia Mountaineers : LHP Justin Jacobson
Batting: LHB Ken Ramsey 0-0: Ball
1-0: Called Strike
1-1: Foul Ball, location: 2F
1-2: Ball
2-2: Foul Ball, location: 2F
2-2: Ground out 4-3 (Groundball, 4)
Batting: RHB Ben Barker 0-0: Called Strike
0-1: SINGLE (Line Drive, 6)
Batting: LHB Horace Hess 0-0: Called Strike
0-1: Ball
1-1: Called Strike
Ben Barker steals 2nd base
1-2: Ground out 4-3 (Groundball, 4)
Ben Barker to third
Batting: RHB Marty Hendrickson 0-0: Foul Ball, location: 2F
0-1: Fly out, F8 (Line Drive, 8RS)
Bottom of the 6th over - 0 run(s), 1 hit(s), 0 error(s), 1 left on base; West Virginia 14 - Oregon State 0
TOP OF THE 7TH
West Virginia Mountaineers batting - Pitching for Oregon State Beavers : LHP Johnathan Whittier
Batting: RHB Scott Mooney 0-0: Ball
1-0: Ball
2-0: Ball
3-0: Called Strike
3-1: Foul Ball, location: 2F
3-2: Base on Balls
Batting: LHB John Stone 0-0: Ball
1-0: Sac Bunt - play at first, batter OUT! 1-3
Scott Mooney to second
Batting: LHB Dave Gordon 0-0: Called Strike
0-1: Ball
1-1: Ball
2-1: Fly out, F8 (Flyball, 8RM)
Batting: RHB Von Ford 0-0: SINGLE (Groundball, 56D)
Scott Mooney to third
Runner from 3rd tries for Home, SAFE, no throw or cutoff
Batting: LHB Buddy Rice 0-0: Called Strike
0-1: Ball
1-1: Called Strike
1-2: SINGLE (Groundball, 6M)
Von Ford to second
Batting: LHB Charlie Hughes 0-0: Ball
1-0: Foul Ball, location: 2F
1-1: Swinging Strike
1-2: Strikes out swinging
Top of the 7th over - 1 run(s), 2 hit(s), 0 error(s), 2 left on base; West Virginia 15 - Oregon State 0
BOTTOM OF THE 7TH
Oregon State Beavers batting - Pitching for West Virginia Mountaineers : LHP Justin Jacobson
Pitching: RHP Peter Davis
Batting: LHB Charlie Dennis 0-0: Ball
1-0: Foul Ball, location: 2F
1-1: Ball
2-1: Ball
3-1: Fly out, F8 (Flyball, 8RM)
Pinch Hitting: LHB Bob Johnson 0-0: Called Strike
0-1: Foul Ball, location: 2F
0-2: Strikes out looking
Batting: RHB Jorge Costa 0-0: Ball
1-0: Ball
2-0: Called Strike
2-1: Foul Ball, location: 2F
2-2: SINGLE (Line Drive, 56D)
Batting: RHB Abraham Hardy 0-0: Fly out, F8 (Flyball, 8RS)
Bottom of the 7th over - 0 run(s), 1 hit(s), 0 error(s), 1 left on base; West Virginia 15 - Oregon State 0
TOP OF THE 8TH
West Virginia Mountaineers batting - Pitching for Oregon State Beavers : LHP Johnathan Whittier
Now at 2B: Bob Johnson
Pinch Hitting: RHB Anthony Pearce 0-0: Swinging Strike
0-1: Ball
1-1: Called Strike
1-2: Strikes out swinging
Pitching: RHP Nelson Chávez
Batting: RHB Ramón Aranda 0-0: Called Strike
0-1: Ball
1-1: Foul Ball, location: 2F
1-2: Strikes out looking
Batting: RHB Cal Dorsey 0-0: Called Strike
0-1: Ball
1-1: Ball
2-1: Foul Ball, location: 2F
2-2: Ball
3-2: Base on Balls
Batting: RHB Scott Mooney 0-0: Called Strike
0-1: Ball
1-1: Swinging Strike
1-2: Ball
Cal Dorsey steals 2nd base
2-2: Foul Ball, location: 2F
2-2: Foul Ball, location: 2F
2-2: Foul Ball, location: 2F
2-2: Ball
3-2: Strikes out looking
Top of the 8th over - 0 run(s), 0 hit(s), 0 error(s), 1 left on base; West Virginia 15 - Oregon State 0
BOTTOM OF THE 8TH
Oregon State Beavers batting - Pitching for West Virginia Mountaineers : RHP Peter Davis
Now at SS: Anthony Pearce
Batting: SHB Gerald Young 0-0: Ball
1-0: Ball
2-0: Fly out, F7 (Flyball, 7M)
Batting: LHB Ken Ramsey 0-0: Fly out, F6 (Popup, 6S)
Batting: RHB Ben Barker 0-0: Ground out 6-3 (Groundball, 6MS)
Bottom of the 8th over - 0 run(s), 0 hit(s), 0 error(s), 0 left on base; West Virginia 15 - Oregon State 0
TOP OF THE 9TH
West Virginia Mountaineers batting - Pitching for Oregon State Beavers : RHP Nelson Chávez
Batting: LHB John Stone 0-0: Swinging Strike
0-1: Ball
1-1: Ball
2-1: Called Strike
2-2: Foul Ball, location: 2F
2-2: Ball
3-2: Base on Balls
Pitching: LHP George Wilder
Batting: LHB Dave Gordon 0-0: Ball
1-0: Ball
2-0: SINGLE (Groundball, 34D)
John Stone to second
Runner from 2nd tries for 3rd, SAFE, throw made to third
Batting: RHB Von Ford 0-0: Fly out, F9 (Line Drive, 9S)
Runner from 3rd tags up, SCORES, throw made
Batting: LHB Buddy Rice 0-0: Ball
1-0: Called Strike
1-1: Ball
2-1: Swinging Strike
2-2: Ball
Wild Pitch!
Dave Gordon to second
3-2: Base on Balls
Batting: LHB Charlie Hughes 0-0: Called Strike
0-1: Foul Ball, location: 2F
0-2: Ball
1-2: Ball
2-2: Foul Ball, location: 2F
2-2: Fielders Choice at 2nd, 6-4 (Groundball, 6M)
Dave Gordon to third
Batting: RHB Anthony Pearce 0-0: Hit by Pitch
Charlie Hughes to second
Batting: RHB Ramón Aranda 0-0: Fielders Choice at 2nd, U6 (Groundball, 6M)
Top of the 9th over - 1 run(s), 1 hit(s), 0 error(s), 3 left on base; West Virginia 16 - Oregon State 0
BOTTOM OF THE 9TH
Oregon State Beavers batting - Pitching for West Virginia Mountaineers : RHP Peter Davis
Batting: LHB Horace Hess 0-0: Called Strike
0-1: Ball
1-1: Ball
2-1: Swinging Strike
2-2: Fly out, F7 (Flyball, 7LM)
Batting: RHB Marty Hendrickson 0-0: Foul Ball, location: 2F
0-1: Called Strike
0-2: Ball
1-2: Foul Ball, location: 2F
1-2: SINGLE (Groundball, 34D)
Batting: LHB Charlie Dennis 0-0: Ball
1-0: Fly out, F8 (Flyball, 8RM)
Batting: LHB Bob Johnson 0-0: Ball
1-0: Called Strike
1-1: Foul Ball, location: 2F
1-2: Hit by Pitch
Marty Hendrickson to second
Batting: RHB Jorge Costa 0-0: Foul Ball, location: 2F
0-1: Foul Ball, location: 2F
0-2: Ball
1-2: Ball
2-2: Ball
3-2: Fly out, F3 (Popup, 3SF)
Bottom of the 9th over - 0 run(s), 1 hit(s), 0 error(s), 2 left on base; West Virginia 16 - Oregon State 0
This league is powered by Out of the Park Baseball, the baseball management simulation game for PC, Mac and Linux
Wednesday, December 2nd, 2015 - OOTP Baseball 16.8 Build 38